 Dungeon Crawl Stone Soup version 0.31-a0-204-g7da18cac08 (webtiles) character file.

Game seed: 9225158671646079015

100 qw the Shooter (level 4, -12/25 HPs)
             Began as a Deep Elf Hunter on June 27, 2023.
             Succumbed to their own poison gas
             ... on level 2 of the Dungeon.
             The game lasted 00:00:38 (1715 turns).

qw the Shooter (Deep Elf Hunter)                    Turns: 1715, Time: 00:00:39

Health: -12/25     AC:  6    Str: 10    XL:     4   Next: 46%
Magic:  6/6        EV: 11    Int: 14    God:
Gold:   93         SH:  0    Dex: 18    Spells: 3/3 levels left

rFire   . . .        Y - +0 shortbow
rCold   . . .        (shield currently unavailable)
rNeg    . . .        a - +0 ring mail
rPois   .            j - +0 helmet
rElec   .            (no cloak)
rCorr   .            (no gloves)
SInv    .            (no boots)
Will    .....        (no amulet)
Stlth   +            (no ring)
HPRegen 0.24/turn    (no ring)
MPRegen 0.10/turn

%: no passive effects
@: lethally poisoned (-12 -> -62), on berserk cooldown, slowed, very slow
A: no striking features
a: no special abilities


You were on level 2 of the Dungeon.
You visited 1 branch of the dungeon, and saw 2 of its levels.

You collected 93 gold pieces.


   Skills:
 - Level 1.5 Fighting
 + Level 7.9 Ranged Weapons
 - Level 2.4 Dodging
 - Level 1.2 Stealth


You had 3 spell levels left.
You didn't know any spells.
Your spell library was empty.

Inventory:

Hand Weapons
 Y - a +0 shortbow (weapon)
Armour
 a - a +0 ring mail (worn)
 j - a +0 helmet (worn)
Scrolls
 i - a scroll of identify
Potions
 d - a potion of attraction {unknown}
 e - a potion of mutation {unknown}
 f - a potion of berserk rage
 g - a potion of resistance {unknown}
 h - a potion of curing {unknown}
 l - a potion of magic {unknown}

Dungeon Overview and Level Annotations

Branches:
Dungeon (2/15)

Altars:


Message History

It is a scroll of identify.
Really abort (and waste the scroll)?
Done exploring.
1709 ||| READING scroll labelled PIAPNI HUKHLUMM.
As you read the scroll labelled PIAPNI HUKHLUMM, it crumbles to dust.
You feel momentarily disoriented.
It was a scroll of revelation.
Enter note:
Enter note:
Enter note:
Enter note:
Enter note:
Enter note: Done exploring.
1710 ||| READING scroll labelled MYFFADYKIT.
Blink to where?
Press: ? - help, Dir - move target, f - you Are you sure you want to cancel this blink?
As you read the scroll labelled MYFFADYKIT, it crumbles to dust.
It was a scroll of blinking.
Done exploring.
1711 ||| DRINKING 2 cyan potions.
It was a potion of berserk rage.
A red film seems to cover your vision as you go berserk!
You feel yourself moving faster!
You feel mighty!
Really walk into that cloud of poison gas?
You feel a strong urge to attack something.
You are engulfed in poison gas.
You are poisoned.
You feel very sick.
You are engulfed in poison gas.
You are lethally poisoned!
You feel very sick.
You feel your anger nearly subside.
You are engulfed in poison gas.
You are more poisoned.
You are no longer berserk.
You are exhausted.
You feel yourself slow down.
You feel extremely sick.
1715 ||| Stepping ~*~*~tactically~*~*~ (cloud).
Ouch! That really hurt!
You die...

................###
######............#
#.#####.##.#.#
###.#####.##.#.###
#................#
####.###.###..#.###.######
.....# #......#.###¤.#####
.###.###.####.#.###0.#####
.# #.....####...@00¤.#####
.#####...........0¤#.#####
.........#########0#.#####
.........# #######¤#.#####
########.# #######[#.#####
#.# #######¤#..#### #<#
#######¤##.#### #.#
#######0##.#### #.#
#######0##.####


There were no monsters in sight!

Vanquished Creatures
  Robin (D:2)
  3 adders (D:2)
  2 worms (D:2)
  2 ball pythons (D:1)
  4 endoplasms
  3 giant cockroaches
  13 goblins
  8 hobgoblins
  A quokka (D:2)
  5 bats (D:1)
  3 kobolds
  5 rats
50 creatures vanquished.

Notes
Turn   | Place    | Note
-------+----------+-------------------------------------------
     0 | D:1      | qw the Deep Elf Hunter began the quest for the Orb.
     0 | D:1      | Reached XP level 1. HP: 12/12 MP: 3/3
     0 | D:1      | 0 ||| qw: Version: 0.3-a-22-g0ed2b0b
     0 | D:1      | 0 ||| qw: Game counter: 6515
     0 | D:1      | 0 ||| qw: Melee chars always use a shield: true
     0 | D:1      | 0 ||| qw: God list: Okawaru
     0 | D:1      | 0 ||| qw: Allow faded altars: false
     0 | D:1      | 0 ||| qw: Do Orc after clearing Dungeon:15 true
     0 | D:1      | 0 ||| qw: Do second Lair branch before Depths: true
     0 | D:1      | 0 ||| qw: Lair rune preference: random
     0 | D:1      | 0 ||| qw: Goals: Normal
     0 | D:1      | 0 ||| PLANNING D:1-11
    57 | D:1      | 57 ||| READING scroll labelled ULIOPE FAWN.
    58 | D:1      | 58 ||| DROPPING scroll of butterflies.
    60 | D:1      | 60 ||| Stepping ~*~*~tactically~*~*~ (water).
   238 | D:1      | Reached XP level 2. HP: 16/16 MP: 4/4
   246 | D:1      | Reached skill level 6 in Ranged Weapons
   811 | D:1      | 811 ||| READING 2 scrolls labelled JIPTIVV DEKLE.
   812 | D:1      | 812 ||| READING scroll labelled IGELA PUMOHIS.
   913 | D:1      | 913 ||| READING scroll labelled ZEZEIL JAOWEM.
   918 | D:1      | 918 ||| READING scroll labelled CONUSCHIARO.
   919 | D:1      | 919 ||| DROPPING scroll of noise.
   975 | D:2      | Reached XP level 3. HP: 8/20 MP: 5/5
  1307 | D:2      | Reached skill level 7 in Ranged Weapons
  1307 | D:2      | Noticed Robin
  1316 | D:2      | Killed Robin
  1321 | D:2      | Reached XP level 4. HP: 20/25 MP: 6/6
  1691 | D:2      | 1691 ||| UPGRADING to +0 ring mail.
  1701 | D:2      | 1701 ||| DROPPING +0 leather armour.
  1702 | D:2      | 1702 ||| UPGRADING to +0 helmet.
  1707 | D:2      | 1707 ||| READING scroll labelled CENEAHUEKK.
  1708 | D:2      | 1708 ||| READING 2 scrolls labelled TUUPERE SUFF.
  1709 | D:2      | 1709 ||| READING scroll labelled PIAPNI HUKHLUMM.
  1710 | D:2      | 1710 ||| READING scroll labelled MYFFADYKIT.
  1711 | D:2      | 1711 ||| DRINKING 2 cyan potions.
  1714 | D:2      | HP: 2/25 [poisoned by you (poison gas)]
  1715 | D:2      | 1715 ||| Stepping ~*~*~tactically~*~*~ (cloud).
  1715 | D:2      | Succumbed to their own poison gas

Levels and vault maps discovered:
D:1:      dpeg_arrival_refuge, layout_basic, serial_bayou,
          serial_bayou_crossing, serial_bayou_pond_b, serial_bayou_lake_a,
          serial_bayou_pond_d, chequers_serial_rivers_small_3,
          minmay_tetromino_i2
D:2:      layout_loops_ring, uniq_robin

Skill      XL: |  1  2  3 |
---------------+----------+-----
Ranged Weapons | 6 7 |  7.9
Fighting       | |  1.5
Dodging        | |  2.4
Stealth        | |  1.2

Action                     |  1- 3 |  4- 6 || total
---------------------------+-------+-------++-------
   Fire: Shortbow          |    84 |    59 ||   143
    Use: Scroll            |     5 |     4 ||     9
         Potion            |       |     1 ||     1
 Armour: Leather armour    |     6 |    11 ||    17
  Dodge: Dodged            |    13 |    26 ||    39

Table legend:
 A = Non-vault XP
 B = Vault XP
 C = Vault XP percentage of total XP
 D = Non-vault monster count
 E = Vault monster count
 F = Vault count percentage of total count
                 A         B        C        D         E       F
            +---------+---------+-------+---------+---------+-------
      Total |      97 |      46 |  32.2 |      33 |      17 |  34.0
            +---------+---------+-------+---------+---------+-------
        D:1 |      22 |       8 |  26.7 |      14 |       5 |  26.3
        D:2 |      75 |      38 |  33.6 |      19 |      12 |  38.7
            +---------+---------+-------+---------+---------+-------
